 Dungeon Crawl Stone Soup version 0.30-a0-772-g5528072125 (webtiles) character file.

Game seed: 6148413107977542440

89026 sanka the Brawler (level 15, -46/149 HPs)
             Began as a Troll Fighter on Feb 12, 2023.
             Was a High Priest of Okawaru.
             Annihilated by Vv (48 damage)
             ... on level 2 of the Depths on Feb 13, 2023.
             The game lasted 00:43:59 (17784 turns).

sanka the Brawler (Troll Fighter)                  Turns: 17784, Time: 00:43:59

Health: -46/149    AC: 23    Str: 28    XL:     15   Next: 48%
Magic:  15/21      EV: 20    Int:  9    God:    Okawaru [*****.]
Gold:   1027       SH: 19    Dex: 15    Spells: 14/14 levels left

rFire   x . .      SeeInvis .      - Unarmed
rCold   + + .      Faith    +    X - +3 tower shield of Sewugoth {Int+5}
rNeg    . . .      Spirit   .    J - +6 ice dragon scales "Sukaimurph" {rF- rC++ Will+ Regen+ Stlth+}
rPois   .          Reflect  .    y - +0 hat
rElec   .          Harm     .    j - +0 cloak
rCorr   .          Rampage  .    (gloves unavailable)
Will    ++...                    (boots unavailable)
Stlth   +++                      v - amulet of faith
HPRegen 2.04/turn                i - +5 ring of evasion
MPRegen 0.17/turn                f - +5 ring of evasion

@: heroic, finesse-ful, studying Staves
A: large, unfitting armour, claws 3, regeneration 1, shaggy fur 1, tough skin 1
a: Renounce Religion, Heroism, Finesse, Duel


You were on level 2 of the Depths.
You worshipped Okawaru.
Okawaru was extremely pleased with you.
You visited 3 branches of the dungeon, and saw 18 of its levels.
You visited the Abyss 1 time.
You also visited: Sewer and Bailey.

You collected 1071 gold pieces.
You spent 44 gold pieces at shops.


Innate Abilities, Weirdness & Mutations

You are too large for most types of armour.
You have claws for hands.
Your natural rate of healing is unusually fast.
You are covered in fur. (AC +1)
You have tough skin. (AC +1)


   Skills:
 - Level 10.0(15.0) Fighting
 - Level 7.0(12.0) Armour
 - Level 5.0(10.0) Dodging
 - Level 3.2(8.2) Stealth
 - Level 5.0(10.0) Shields
 + Level 19.7(24.7) Unarmed Combat
 - Level 10.0 Invocations


You had 14 spell levels left.
You didn't know any spells.
Your spell library contained the following spells:

 Spells                   Type           Power      Damage    Failure   Level
 Kiss of Death            Conj/Necr      0%         2d5       98%         1
 Shock                    Conj/Air       0%         1d3       98%         1
 Slow                     Hex            0%         N/A       98%         1
 Ensorcelled Hibernation  Hex/Ice        0%         N/A       99%         2
 Passwall                 Tmut/Erth      0%         N/A       99%         2
 Scorch                   Fire           0%         2d5       99%         2
 Sublimation of Blood     Necr           0%         N/A       99%         2
 Wereblood                Tmut           0%         N/A       99%         2
 Confusing Touch          Hex            0%         N/A       100%        3
 Ozocubu's Armour         Ice            0%         N/A       100%        3
 Swiftness                Air            0%         N/A       100%        3
 Vampiric Draining        Necr           0%         2d6       100%        3
 Airstrike                Air            0%         2d(0-16)  100%        4
 Cause Fear               Hex            0%         N/A       100%        4
 Dispel Undead            Necr           0%         3d6       100%        4
 Flame Wave               Conj/Fire      0%         2d4       100%        4
 Borgnjor's Vile Clutch   Necr/Erth      0%         N/A       100%        5
 Dragon Form              Tmut           0%         N/A       100%        7
 Ozocubu's Refrigeration  Ice            0%         4d7       100%        7
 Animate Dead             Necr           Unusable   N/A       N/A         4
 Death Channel            Necr           Unusable   N/A       N/A         6
 Summon Cactus Giant      Summ           Unusable   N/A       N/A         6
 Summon Hydra             Summ           Unusable   N/A       N/A         7
 Dragon's Call            Summ           Unusable   N/A       N/A         9

Inventory:

Hand Weapons
 b - a +5 scimitar of flaming
 t - the +5 hand axe "Asuhoil" {freeze, Contam rElec rC+ rN++} rC: It protects you from cold. rElec: It insulates you from electricity. rN: It greatly protects you from negative energy. Contam: It causes magical contamination when unequipped.
 w - the +9 demon whip of Louf {pain, SInv}

   SInv:      It lets you see invisible.
 P - a +2 double sword of distortion
Missiles
 k - 8 javelins (quivered)
 Q - 41 large rocks {=f}
 R - a silver javelin
 V - 5 curare-tipped darts {=f}
Armour
 j - a +0 cloak (worn)
 x - a +2 robe of fire resistance
 y - a +0 hat (worn)
 J - the +6 ice dragon scales "Sukaimurph" (worn) {rF- rC++ Will+ Regen+ Stlth+} rF: It makes you vulnerable to fire. rC: It greatly protects you from cold. Regen: It increases your rate of health regeneration. Will: It increases your willpower. Stlth: It makes you more stealthy.
 X - the +3 tower shield of Sewugoth (worn) {Int+5}

   Int:       It affects your intelligence (+5).
Jewellery
 f - a +5 ring of evasion (right claw)
 i - a +5 ring of evasion (left claw)
 v - an amulet of faith (around neck)
 A - a ring of resist corrosion
 F - an amulet of reflection
 M - a ring of flight
 N - an amulet of guardian spirit
 S - a ring of willpower
 W - a +6 ring of dexterity
Wands
 z - a wand of mindburst (6)
 D - a wand of polymorph (9)
 G - a wand of flame (27)
 L - a wand of roots (8)
 Y - a wand of digging (7)
Scrolls
 d - 8 scrolls of enchant armour
 n - 8 scrolls of teleportation {@r4}
 p - 3 scrolls of fog
 q - 5 scrolls of blinking
 s - 4 scrolls of noise {!r}
 u - 7 scrolls of vulnerability {!r}
 E - 3 scrolls of immolation {!r}
 K - 2 scrolls of silence {!r}
 T - 3 scrolls of poison {unknown}
 U - a scroll of fear {unknown}
 Z - a scroll of acquirement {unknown}
Potions
 a - 2 potions of cancellation
 c - 4 potions of might
 e - 11 potions of curing {@q1}
 g - 6 potions of brilliance {unknown}
 h - 5 potions of haste {@q3}
 l - a potion of resistance {unknown}
 m - 2 potions of mutation {unknown}
 o - 8 potions of heal wounds {unknown}
 r - 3 potions of ambrosia {unknown}
 B - 3 potions of magic {unknown}
 C - a potion of berserk rage {unknown}
 H - a potion of degeneration {unknown}
 I - 8 potions of flight {unknown}
 O - 3 potions of lignification {unknown}

Dungeon Overview and Level Annotations

Branches:
Dungeon (15/15)            Temple (1/1) D:4            Lair (0/5) D:8
    Orc (0/2) D:9          Vaults (0/5) D:13         Depths (2/4) D:15
  Sewer (visited)          Bailey (visited)

Altars:
Ashenzari
Cheibriados
Dithmenos
Elyvilon
Fedhas
Gozag
Hepliaklqana
Kikubaaqudgha
Makhleb
Nemelex Xobeh
Okawaru
Qazlal
Ru
Sif Muna
Uskayaw
Vehumet
Wu Jian
Xom
Yredelemnul
Zin
The Shining One

Shops:
D:5 *[   D:7 =

Portals:
Hell: Depths:1
Abyss: Depths:2

Annotations:
D:4 exclusion: goblin
D:8 exclusion: downstairs
D:9 exclusion: downstairs
Temple 2 transporters
Depths:1 2 transporters, MCDelver's ghost, adept OpFE
Depths:2 Vv

▒....≈#|....<.........
▒...#≈................
▒.....................
▒▒▒▒▒▒▒▒▒▒▒▒...▒.................
..........▒▒▒▒......▒............
.........▒▒▒▒▒...▒▒▒▒▒......≈≈≈##
..........▒......▒▒▒▒▒......≈≈≈≈#
................9....▒.≈....≈≈≈##
..............▒▒T▒▒....#....≈##.≈
.............▒▒...▒▒...≈....≈....
........9..>.▒.....▒.##......."..
.............▒..>................
.............▒.....▒.).[≈#.......
.....≈.......▒▒...▒▒...#≈.#......
....≈.[.......▒▒▒▒▒....#.........
.......................#≈........
.............▒▒.▒......##........


You could see Vv.


Message History

You mangle Vv!!
Vv is lightly damaged.
You closely miss Vv.
Vv is lightly damaged.
Vv misses you. Vv hits you!
You are engulfed in flames!!!
The fire burns you terribly!
You eviscerate Vv!!!
Vv is moderately damaged.
You claw Vv!
Vv is moderately damaged.
You eviscerate Vv!!!
Vv is heavily damaged.
Vv closely misses you. Vv hits you!
* * * LOW HITPOINT WARNING * * *
You are engulfed in flames!!!
The fire burns you terribly!
* * * LOW HITPOINT WARNING * * *
You barely miss Vv.
Vv is heavily damaged.
You eviscerate Vv!!!
Vv is severely damaged.
Vv barely misses you. Vv hits you.
* * * LOW HITPOINT WARNING * * *
You are engulfed in flames!!!
The fire burns you terribly!
You die...

Action                     |  1- 3 |  4- 6 |  7- 9 | 10-12 | 13-15 || total
---------------------------+-------+-------+-------+-------+-------++-------
  Melee: Unarmed           |   130 |    77 |   319 |   496 |   836 ||  1858
         Demon whip        |       |       |       |       |    54 ||    54
         Scimitar          |       |       |       |       |    34 ||    34
  Throw: Javelin           |       |       |       |       |     2 ||     2
 Invoke: Heroism           |       |       |     6 |    10 |    26 ||    42
         Finesse           |       |       |       |     1 |     2 ||     3
  Evoke: Wand              |       |       |       |     2 |     1 ||     3
    Use: Scroll            |       |       |     9 |     6 |     3 ||    18
         Potion            |       |       |       |     4 |       ||     4
   Stab: Distracted        |       |       |     1 |     1 |       ||     2
         Sleeping          |       |       |       |     1 |     6 ||     7
 Armour: Robe              |    22 |     6 |    22 |    18 |       ||    68
         Ice dragon scales |       |       |       |    18 |   256 ||   274
  Dodge: Dodged            |    57 |    55 |   240 |   272 |   581 ||  1205
  Block: Kite shield       |    42 |    41 |   124 |   194 |   398 ||   799
         Tower shield      |       |       |       |       |     1 ||     1

Levels and vault maps discovered:
D:1:      eino_arrival_tree_alley, layout_basic, serial_rivers,
          chequers_serial_rivers_large_b, chequers_serial_rivers_large_a,
          chequers_serial_rivers_marsh, chequers_serial_rivers_micro_c,
          chequers_serial_rivers_micro_b
D:2:      layout_loops_cross
D:3:      layout_loops_ring
D:4:      layout_basic, mainiacjoe_overflow_alcove_2, mainiacjoe_overflow_swirl,
          temple_green, minmay_goblin_outpost
D:5:      kennysheep_kobold_camp, layout_basic, gup_sewer_entry_bowl,
          serial_shops, shop, shop, lightli_church_of_beogh, uniq_ijyb
D:6:      layout_basic, nicolae_hepliaklqana_monster_ancestors,
          hangedman_decor_slide_cut
D:7:      layout_loops_ring, marbit_many_paths, minmay_shop_enchanted_jewellery,
          minmay_crystal_room, uniq_duvessa
D:8:      minmay_the_grid_octo_tiled_octocenter [minmay_the_grid_octo_77,
          minmay_the_grid_octo_fat_diamond, minmay_the_grid_octo_checkered,
          minmay_the_grid_octo_odd_swirl, minmay_the_grid_octo_prize_star,
          minmay_the_grid_square_5x5_lines,
          minmay_the_grid_square_5x5_half_checkered,
          minmay_the_grid_square_5x5_z,
          minmay_the_grid_square_5x5_broken_cross], layout_basic,
          enter_bailey_2, uniq_pikel, uniq_erica
D:9:      old_forge, layout_cave_pods, makhleb_altar_promises_db, orc_0_dummy,
          dk_noncrumbling_4, uniq_maurice
D:10:     layout_loops_cross, lemuel_tele_altar, reono_crystal_passage,
          nicolae_elevator_lobby_asterisk
D:11:     layout_loops_ring, nicolae_diode_basic, uniq_erolcha
D:12:     layout_loops_ring, blue_anna_alchemist
D:13:     layout_rooms, grunt_vaults_entry_fortified
D:14:     layout_irregular_city, dk_noncrumbling_3
D:15:     grunt_enter_depths_magical_seal, layout_small_grid,
          minmay_misc_feat_alley, nrook_guardian_serpent_ordinary
Temple:   hellmonk_temple_divided_pantheon
Depths:1: layout_gridlike, lightli_too_deep, gammafunk_ghost_smash,
          roderic_lattice_a, nicolae_ru_awakened_eye
Depths:2: evilmike_makhleb_hellhole, layout_cave_pools,
          pf_hell_entry_tar_spiral, abyss_entry_small_statue_room,
          rand_demon_pan_entry_9, kennysheep_donut, minmay_staircase_bubble,
          uniq_vv

Notes
Turn   | Place    | Note
-------+----------+-------------------------------------------
     0 | D:1      | sanka the Troll Fighter began the quest for the Orb.
     0 | D:1      | Reached XP level 1. HP: 22/22 MP: 0/0
   118 | D:1      | Reached XP level 2. HP: 28/29 MP: 1/1
   124 | D:1      | Reached skill level 3 in Fighting
   685 | D:1      | Reached XP level 3. HP: 37/37 MP: 2/2
   814 | D:1      | Reached skill level 3 in Unarmed Combat
  1402 | D:2      | Identified the +4 spear "Nuxzeqocs" {drain, +Blink rF++ rC+
                  | Int-4}
  1437 | D:2      | Reached XP level 4. HP: 44/44 MP: 3/3
  1816 | D:3      | Reached skill level 4 in Unarmed Combat
  2588 | D:4      | Noticed an ogre
  2595 | D:4      | Killed an ogre
  2596 | D:4      | Reached skill level 5 in Unarmed Combat
  2596 | D:4      | Reached XP level 5. HP: 53/53 MP: 4/4
  2648 | D:4      | Found a radiant altar of Vehumet.
  2960 | D:4      | Found a staircase to the Ecumenical Temple.
  2966 | Temple   | Entered the Ecumenical Temple
  2966 | Temple   | Found a transporter.
  2966 | Temple   | Found a transporter.
  2968 | Temple   | Found a transporter.
  2968 | Temple   | Found a transporter.
  2983 | Temple   | Became a worshipper of Warmaster Okawaru
  3124 | D:4      | Found a broken altar of Ashenzari.
  3133 | D:4      | Found a glowing silver altar of Zin.
  3158 | D:4      | Identified the +6 quarterstaff "Gougra" {spect, Int+2}
  3277 | D:5      | Entered Level 5 of the Dungeon
  3309 | D:5      | Noticed a phantom
  3317 | D:5      | Noticed a phantom
  3319 | D:5      | Reached skill level 6 in Unarmed Combat
  3319 | D:5      | Reached XP level 6. HP: 60/61 MP: 5/5
  3328 | D:5      | Found a runed translucent door.
  3404 | D:5      | Noticed a water moccasin
  3408 | D:5      | Reached * piety under Okawaru
  3409 | D:5      | Reached skill level 7 in Unarmed Combat
  3416 | D:5      | Killed a water moccasin
  3417 | D:5      | Reached XP level 7. HP: 67/67 MP: 6/6
  3468 | D:5      | Reached skill level 1 in Invocations
  3471 | D:5      | Found Tyskerupt's Assorted Antiques.
  3492 | D:5      | Noticed Ijyb
  3503 | D:5      | Killed Ijyb
  3579 | D:5      | Found a glowing drain.
  3588 | Sewer    | Entered a sewer
  3601 | Sewer    | Reached skill level 8 in Unarmed Combat
  3803 | Sewer    | Reached skill level 2 in Invocations
  4134 | D:5      | Reached ** piety under Okawaru
  4261 | D:5      | Reached skill level 3 in Invocations
  4261 | D:5      | Reached XP level 8. HP: 42/75 MP: 9/9
  4372 | D:5      | Found Wavvo's Armour Shop.
  4829 | D:6      | Reached skill level 9 in Unarmed Combat
  4830 | D:6      | Reached skill level 4 in Invocations
  5322 | D:6      | Identified the +2 ring mail "Pyhicrei" {rN++ Int-3 Dex-2
                  | Stlth+}
  5332 | D:6      | Found a hazy altar of Hepliaklqana.
  5540 | D:7      | Reached *** piety under Okawaru
  5551 | D:7      | Reached skill level 5 in Invocations
  5551 | D:7      | Noticed Dowan
  5551 | D:7      | Noticed Duvessa
  5604 | D:7      | Killed Duvessa
  5605 | D:7      | Reached skill level 10 in Unarmed Combat
  5658 | D:7      | Killed Dowan
  5710 | D:7      | Found Ojait's Jewellery Emporium.
  5791 | D:7      | Noticed a two-headed ogre
  5797 | D:7      | Killed a two-headed ogre
  5797 | D:7      | Reached **** piety under Okawaru
  5798 | D:7      | Reached skill level 1 in Stealth
  5798 | D:7      | Reached skill level 3 in Shields
  5798 | D:7      | Reached XP level 9. HP: 83/83 MP: 8/11
  5808 | D:7      | Reached skill level 3 in Dodging
  5826 | D:7      | Reached skill level 2 in Stealth
  6160 | D:7      | Identified the +9 demon whip of Louf {pain, SInv}
  6187 | D:7      | Noticed a two-headed ogre
  6197 | D:7      | Killed a two-headed ogre
  6197 | D:7      | Reached ***** piety under Okawaru
  6198 | D:7      | Reached skill level 4 in Fighting
  6352 | D:7      | Found an opulent altar of Gozag.
  6502 | D:8      | Found a staircase to the Lair.
  6516 | D:8      | Reached skill level 4 in Shields
  6588 | D:8      | Noticed a two-headed ogre
  6606 | D:8      | Killed a two-headed ogre
  6607 | D:8      | Reached skill level 3 in Stealth
  6607 | D:8      | Reached XP level 10. HP: 94/94 MP: 10/12
  6618 | D:8      | Noticed a cyclops
  6630 | D:8      | Killed a cyclops
  6630 | D:8      | Received a gift from Okawaru
  6631 | D:8      | Reached skill level 4 in Dodging
  6681 | D:8      | Noticed a gargoyle
  6682 | D:8      | Noticed a brown ugly thing
  6682 | D:8      | Identified a +2 crystal plate armour
  6682 | D:8      | Noticed a skeletal warrior
  6688 | D:8      | Noticed a white ugly thing
  6695 | D:8      | Killed a brown ugly thing
  6696 | D:8      | Reached skill level 5 in Shields
  6696 | D:8      | Reached skill level 11 in Unarmed Combat
  6701 | D:8      | Killed a white ugly thing
  6702 | D:8      | Reached skill level 5 in Fighting
  6723 | D:8      | Killed a skeletal warrior
  6724 | D:8      | Reached skill level 5 in Dodging
  6729 | D:8      | Killed a gargoyle
  6754 | D:8      | Noticed a cyclops
  6758 | D:8      | Noticed Erica
  6775 | D:9      | Noticed Maurice
  6793 | D:9      | Reached skill level 6 in Fighting
  6806 | D:9      | HP: 6/98 [something (7)]
  6830 | D:9      | Reached XP level 11. HP: 24/105 MP: 11/13
  6855 | D:9      | Killed Maurice
  6906 | D:9      | Reached skill level 12 in Unarmed Combat
  6935 | D:8      | Found a flagged portal.
  6941 | D:8      | Identified the +5 hand axe "Asuhoil" {freeze, Contam rElec
                  | rC+ rN++}
  6945 | Bailey   | Entered a bailey
  7012 | Bailey   | Noticed an orc knight
  7038 | Bailey   | HP: 6/107 [orc knight/+0 war axe (24)]
  7041 | Bailey   | Killed an orc knight
  7177 | Bailey   | Identified the +1 great sword of Change {freeze, Str+2}
                  | (Okawaru gifted it to you in a bailey)
  7177 | Bailey   | Received a gift from Okawaru
  7355 | Bailey   | Noticed an orc warlord
  7355 | Bailey   | Noticed an orc knight
  7412 | Bailey   | Killed an orc warlord
  7413 | Bailey   | Reached skill level 7 in Fighting
  7479 | Bailey   | Killed an orc knight
  7526 | Bailey   | Reached skill level 14 in Unarmed Combat
  7526 | Bailey   | Reached XP level 12. HP: 118/118 MP: 15/15
  7618 | D:8      | Reached skill level 6 in Invocations
  7651 | D:8      | Killed Erica
  7702 | D:8      | Reached skill level 15 in Unarmed Combat
  7790 | D:8      | Noticed a two-headed ogre
  7797 | D:8      | Killed a two-headed ogre
  7797 | D:8      | Identified the +6 ice dragon scales "Sukaimurph" {rF- rC++
                  | Will+ Regen+ Stlth+} (Okawaru gifted it to you on level 8
                  | of the Dungeon)
  7797 | D:8      | Received a gift from Okawaru
  7966 | D:8      | Noticed Pikel
  7980 | D:8      | Killed Pikel
  8012 | D:8      | Reached skill level 1 in Armour
  8490 | D:8      | Found a staircase to the Lair.
  9043 | D:9      | Found a staircase to the Orcish Mines.
  9316 | D:9      | Noticed a two-headed ogre
  9320 | D:9      | Reached skill level 7 in Invocations
  9326 | D:9      | Killed a two-headed ogre
  9327 | D:9      | Reached skill level 8 in Fighting
  9443 | D:9      | Reached skill level 2 in Armour
  9518 | D:9      | Found a burning altar of Makhleb.
  9518 | D:9      | Noticed an Executioner
 10001 | D:10     | Entered Level 10 of the Dungeon
 10225 | D:10     | Noticed a two-headed ogre
 10234 | D:10     | Reached XP level 13. HP: 127/127 MP: 17/17
 10241 | D:10     | Reached skill level 3 in Armour
 10707 | D:10     | Found a shimmering altar of Xom.
 11049 | D:11     | Noticed Erolcha
 11057 | D:11     | Killed Erolcha
 11057 | D:11     | Received a gift from Okawaru
 11058 | D:11     | Reached skill level 8 in Invocations
 11113 | D:11     | Found a transporter.
 11740 | D:5      | Reached skill level 4 in Armour
 11853 | D:5      | Bought a scroll of identify for 44 gold pieces
 12265 | D:15     | Entered Level 15 of the Dungeon
 12302 | D:15     | Reached skill level 9 in Fighting
 12621 | D:13     | Reached skill level 5 in Armour
 12674 | D:13     | Reached ****** piety under Okawaru
 12690 | D:14     | Reached skill level 9 in Invocations
 13003 | D:13     | Received a gift from Okawaru
 13362 | D:12     | Reached skill level 6 in Armour
 13429 | D:12     | Reached skill level 10 in Fighting
 14004 | D:13     | Received a gift from Okawaru
 14005 | D:13     | Reached XP level 14. HP: 141/143 MP: 18/20
 14028 | D:13     | Reached skill level 10 in Invocations
 14108 | D:13     | Found a gate to the Vaults.
 14117 | D:13     | Reached skill level 7 in Armour
 14505 | D:14     | Received a gift from Okawaru
 14600 | D:14     | Received a gift from Okawaru
 14672 | D:14     | Reached skill level 16 in Unarmed Combat
 15049 | D:14     | Identified the +9 broad axe "Ketazeech" {drain, rC+ Str+3
                  | Int+2}
 15213 | D:15     | Reached skill level 17 in Unarmed Combat
 15404 | Abyss:2  | Cast into level 2 of the Abyss (a wizard)
 15414 | D:15     | Escaped the Abyss
 15430 | D:15     | Found a staircase to the Depths.
 15438 | D:15     | Identified the +1 hat of Titarph {*Slow MP+9 Int+7}
                  | (Okawaru gifted it to you on level 15 of the Dungeon)
 15438 | D:15     | Received a gift from Okawaru
 15869 | Depths:1 | Entered Level 1 of the Depths
 15964 | Depths:1 | Reached skill level 18 in Unarmed Combat
 16000 | Depths:1 | Found a sacrificial altar of Ru.
 16020 | Depths:1 | Reached XP level 15. HP: 149/149 MP: 21/21
 16101 | Depths:1 | Found a transporter.
 16101 | Depths:1 | Noticed a fire giant
 16102 | Depths:1 | Noticed MCDelver's ghost (adept OpFE)
 16102 | Depths:1 | Identified the +8 giant club "Puakhlen" {freeze, *Noise
                  | Int+7}
 16102 | Depths:1 | Noticed a frost giant
 16501 | Depths:1 | Received a gift from Okawaru
 16667 | Depths:1 | Noticed a fire giant
 16667 | Depths:1 | Noticed a frost giant
 16670 | Depths:1 | Noticed a fire giant
 16671 | Depths:1 | Identified the +5 giant club of Tumult {heavy, Str+3}
 16671 | Depths:1 | Noticed an iron giant
 16672 | Depths:1 | Noticed a fire giant
 16674 | Depths:1 | Found a transporter.
 16874 | Depths:1 | Reached skill level 19 in Unarmed Combat
 16921 | Depths:1 | Found a gateway to Hell.
 17356 | Depths:1 | Received a gift from Okawaru
 17426 | Depths:2 | Identified the +3 tower shield of Sewugoth {Int+5} (Okawaru
                  | gifted it to you on level 2 of the Depths)
 17426 | Depths:2 | Received a gift from Okawaru
 17652 | Depths:2 | Noticed Vv
 17749 | Depths:2 | Found a one-way gate to the infinite horrors of the Abyss.
 17782 | Depths:2 | HP: 4/149 [Vv (58)]
 17784 | Depths:2 | Annihilated by Vv

Vanquished Creatures
  A balrug (Depths:1)
  An orc warlord (Bailey)
  A spriggan defender (Depths:1)
  3 stone giants (Depths:1)
  2 ettins (Depths:1)
  2 fire dragons (Depths:1)
  5 vault guards (D:13)
  Erolcha (D:11)
  A rakshasa (Depths:1)
  4 hydras
  2 ogre magi
  An ice dragon (Depths:1)
  3 centaur warriors
  12 two-headed ogres
  Erica (D:8)
  A tengu warrior (D:12)
  A boulder beetle (D:13)
  A deep troll earth mage (Depths:1)
  A deep troll shaman (Depths:1)
  A deep elf knight (D:13)
  2 spriggan berserkers (Depths:1)
  A sun demon (Depths:1)
  A vampire mage (Depths:1)
  2 iron trolls (Depths:1)
  6 skeletal warriors
  2 deep trolls (Depths:1)
  A glowing orange brain (Depths:1)
  A swamp dragon (shapeshifter) (D:15)
  A shadow dragon zombie (Depths:1)
  3 wizards
  Pikel (D:8)
  2 orc knights (Bailey)
  An iron dragon zombie (Depths:1)
  5 deep elf pyromancers
  2 necromancers
  24 ugly things
  8 cyclopes
  A salamander (Depths:2)
  3 manticores
  A guardian serpent (D:15)
  Maurice (D:9)
  2 naga magi (D:15)
  A smoke demon (Depths:1)
  5 gargoyles
  A centaur skeleton (D:15)
  A yaktaur (D:13)
  A komodo dragon (shapeshifter) (D:13)
  2 unseen horrors
  3 tengu conjurers
  4 trolls
  5 hornets
  A frost giant simulacrum (Depths:1)
  A meliai zombie (D:15)
  2 shadows
  3 slime creatures (D:12)
  5 spriggans
  2 centaur simulacra (D:15)
  20 yaks
  A wraith (D:8)
  A vampire (D:10)
  11 vampire mosquitoes
  3 acid dragons
  Duvessa (D:7)
  A sky beast (D:7)
  2 water moccasins
  10 orc warriors
  A hornet zombie (D:15)
  A black bear (shapeshifter) (D:13)
  An ice beast (D:8)
  2 ogres
  A black bear (D:8)
  9 centaurs
  A lemure (D:8)
  2 phantoms (D:5)
  8 kobold brigands
  5 bullfrogs
  5 scorpions (D:9)
  A necrophage (D:7)
  A tengu simulacrum (Depths:1)
  3 gnoll sergeants (D:8)
  7 wights
  Dowan (D:7)
  28 killer bees
  12 howler monkeys
  2 hounds
  8 orc priests
  4 jellies
  3 gnoll boudas
  3 iguanas
  Ijyb (D:5)
  11 orc wizards
  6 adders
  19 gnolls
  3 shadow imps
  6 worms
  2 dart slugs (D:1)
  58 orcs
  9 ball pythons
  6 endoplasms
  8 giant cockroaches
  21 goblins
  19 hobgoblins
  3 jackals (D:2)
  11 quokkas
  12 bats
  12 frilled lizards
  51 kobolds
  2 rats (D:1)
  A spectral hobgoblin (D:6)
573 creatures vanquished.

Vanquished Creatures (others)
  A guardian serpent (D:15)
  An orc wizard (D:5)
  A goblin (D:4)
  3 fungi (D:9)
  56 plants (D:5)
62 creatures vanquished.

Grand Total: 635 creatures vanquished
